 Dungeon Crawl Stone Soup version 0.18-a0-721-g8fc53f4 (webtiles) character file.

335681 krfreak the Brilliant (level 20, -10/113 HPs)
             Began as a Spriggan Artificer on Dec 9, 2015.
             Was a High Priest of Pakellas.
             Mangled by a primal weirdsting beast (25 damage)
             ... summoned by the player character
             ... on level 2 of the Depths.
             The game lasted 03:56:15 (52501 turns).

krfreak the Brilliant (Spriggan Artificer)         Turns: 52501, Time: 03:56:16

Health: -10/113    AC: 14    Str:  7      XL:     20   Next: 97%
Magic:  10/37      EV: 40    Int: 12 (13) God:    Pakellas [*****.]
Gold:   536        SH: 15    Dex: 39      Spells: 1 memorised, 17 levels left

rFire  . . .     SeeInvis +     c - +8 rapier (venom)
rCold  + . .     Clarity  +     J - +3 faerie dragon armour {rElec Int-2 Dex+10 Stlth+ Clar}
rNeg   . . .     SustAt   .     S - +3 buckler {rPois}
rPois  +         Gourm    .     N - +2 hat
rElec  +         Spirit   .     X - +2 cloak {rPois}
rCorr  .         Dismiss  .     (gloves unavailable)
rMut   .         Stasis   .     (boots unavailable)
MR     +++..                    K - amulet of regeneration
Stlth  +++++++++.               P - ring of protection from cold
                                C - +5 ring of dexterity

@: about to teleport, very slightly contaminated, hasted, constricted, repel
missiles, very quick, extremely resistant to hostile enchantments, incredibly
stealthy
A: unfitting armour, repulsion field 1, see invisible, herbivore 3, speed 3,
slow metabolism 2
a: Quick Charge, Device Surge, Renounce Religion
}: 2/15 runes: barnacled, gossamer


You were on level 2 of the Depths.
You worshipped Pakellas.
Pakellas was extremely pleased with you.
You were completely stuffed.

You visited 8 branches of the dungeon, and saw 42 of its levels.
You also visited: Ossuary and Volcano.

You collected 4375 gold pieces.
You spent 3839 gold pieces at shops.

Inventory:

Hand Weapons
 a - a +7 short sword of speed
 c - a +8 rapier of venom (weapon)
Missiles
 B - 10 throwing nets (quivered)
Armour
 A - a +2 robe of fire resistance
 J - the +3 faerie dragon armour (worn) {rElec Int-2 Dex+10 Stlth+ Clar}
   (You took it off the Enchantress on level 1 of the Depths)

   It affects your intelligence (-2).
   It affects your dexterity (+10).
   It insulates you from electricity.
   It protects you against confusion.
   It makes you more stealthy.
 N - a +2 hat (worn)
 S - a +3 buckler of poison resistance (worn)
 X - a +2 cloak of poison resistance (worn)
Rods
 b - a +5 iron rod (12/12)
   (Pakellas gifted it to you on level 3 of the Lair of Beasts)
 t - a +4 lightning rod (9/9)
   (Pakellas gifted it to you on level 2 of the Depths)
Jewellery
 g - a +2 ring of evasion
 C - a +5 ring of dexterity (left hand)
 K - an amulet of regeneration (around neck)
 L - an uncursed ring of invisibility
 P - a ring of protection from cold (right hand)
Wands
 j - a wand of heal wounds (2)
 k - a wand of hasting (1)
 o - a wand of teleportation (4)
 x - a wand of confusion (19)
 y - a wand of paralysis (6)
 D - a wand of polymorph (7)
 E - a wand of slowing (13)
 G - a wand of digging (14)
 O - a wand of draining (0)
 Q - a wand of frost (28)
 R - a wand of cold (0)
 T - a wand of disintegration (0)
 U - a wand of draining (1)
 V - a wand of fireball (0)
Scrolls
 e - 4 scrolls of enchant armour
 h - 16 scrolls of remove curse
 i - 5 scrolls of magic mapping
 p - 7 scrolls of identify
 F - a scroll of blinking
 I - 12 scrolls of teleportation
 Y - 5 scrolls of fear
Potions
 l - 3 potions of resistance
 m - 6 potions of haste
 n - 6 potions of flight
 q - 3 potions of cure mutation
 r - 7 potions of heal wounds
 s - 2 potions of cancellation
 v - 12 potions of curing
 w - 7 potions of might
 z - 9 potions of agility
 H - 6 potions of berserk rage
 M - 6 potions of magic
Miscellaneous
 d - a lamp of fire (inert)
 u - a stone of tremors (inert)
 W - a phial of floods (inert)
 Z - a box of beasts {used: 9}
Comestibles
 f - 11 bread rations


   Skills:
 * Level 15.0 Fighting
 - Level 14.1 Short Blades
 + Level 20.4 Dodging
 + Level 19.0 Stealth
 - Level 8.8 Shields
 - Level 10.0 Charms
 + Level 25.0 Evocations


You had 17 spell levels left.
You knew the following spells:

 Your Spells              Type           Power        Failure   Level  Hunger
a - Repel Missiles        Chrm/Air       ##....       14%         2    ###....


Dungeon Overview and Level Annotations

Branches:
Dungeon (15/15)            Temple (1/1) D:6            Lair (8/8) D:8
 Shoals (4/4) Lair:6       Spider (4/4) Lair:3        Slime (0/6) Lair:8
    Orc (4/4) D:12            Elf (0/3) Orc:4        Vaults (4/5) D:13
  Crypt (0/3) Vaults:2     Depths (2/5) D:15

Altars:
Ashenzari
Cheibriados
Dithmenos
Elyvilon
Fedhas
Gozag
Kikubaaqudgha
Makhleb
Nemelex Xobeh
Okawaru
Pakellas
Qazlal
Ru
Trog
Vehumet
Xom
Yredelemnul
Zin
The Shining One
Beogh

Shops:
D:10 (   D:14 [   Orc:2 *   Orc:4 =[(}   Shoals:4 :?   Vaults:4 (=

Portals:
Hell: Depths:1 Depths:2
Abyss: Depths:2
Trove: D:12 (give 5 scrolls of blinking)

Annotations:
D:4 BadIdea's ghost, novice HuCj
Lair:8 1 runed door
Shoals:2 exclusion: kraken
Spider:4 exclusion: Roxanne, Roxanne


Innate Abilities, Weirdness & Mutations

You are tiny and cannot use many weapons and most armour.
You have supernaturally acute eyesight.
You are a herbivore.
You cover ground extremely quickly.
You need consume almost no food.
You are surrounded by a mild repulsion field (EV +2).


Message History

The shadow demon gestures.
Read which item? (? for menu, Esc to quit)
As you read the scroll of teleportation, it crumbles to dust.
You feel strangely unstable.
The hell beast disappears in a puff of smoke!
The shadow demon disappears in a puff of smoke!
The Ice Fiend disappears in a puff of smoke!
The chaos spawn degenerates into a cloud of primal chaos!
The red devil disappears in a puff of smoke!
The entropy weaver dissolves into shadows!
The redback dissolves into shadows!
The jumping spider dissolves into shadows!
The centaur warrior dissolves into shadows!
The stone giant is engulfed in roaring flames.
The stone giant completely misses you. The ettin completely misses you.
The ettin misses you. The primal weirdsting beast hits you!
* * * LOW HITPOINT WARNING * * *
The primal weirdsting beast grabs you. The primal weirdsting beast stings you.
* * * LOW HITPOINT WARNING * * *
You die...

#.##.....# ##..........
#.#.....# ....#..........
#.'....# #......###......
#.'....# .....#.# #......
#.'....## ......## ##.....
###.....#####.....#.####.....
##...).#.#.....##..#.......
#....†..G...).##..........
##......H@...#####........
#....∩§HCC.##...##......#
###..§)§........##.....#
##§§§#.#.......'..#...
#.§....#...).).'......
#§§§.§..........'.#....
#..§..§..##.....####..>.
...§)§....##...##.......
######.###...


You could see a stone giant, 2 mutant beasts, an ettin and a giant orange brain.

Vanquished Creatures
  Mara (Shoals:3)
  Saint Roka (Vaults:1)
  Norris (Depths:1)
  the Enchantress (Depths:1)
  Jory (Vaults:4)
  Jorgrun (Shoals:3)
  2 liches
  2 sphinxes
  A kraken (Shoals:3)
  Gastronok (Lair:3)
  Kirke (D:14)
  4 fire giants
  Maud (D:12)
  A frost giant (Vaults:4)
  5 ghost moths
  A deep elf sorcerer (Vaults:3)
  5 vault wardens
  Louise (Shoals:3)
  7 emperor scorpions
  2 spriggan defenders (Depths:1)
  5 ironheart preservers
  A very ugly thing (Vaults:4)
  A vampire knight (Depths:1)
  7 stone giants
  3 deep elf demonologists
  A deep elf death mage (Vaults:3)
  Snorg (Lair:7)
  2 merfolk javelineers (Shoals:4)
  5 ettins
  5 merfolk impalers
  A minotaur (shapeshifter) (Depths:2)
  4 entropy weavers
  9 yaktaur captains
  The ghost of Arkorax the Fighter, a journeyman GrFi of Okawaru (Lair:2)
  Josephine (D:10)
  4 great orbs of eyes
  Fannar (D:10)
  A minotaur (Lair:2)
  6 centaur warriors
  3 fire dragons
  Harold (D:10)
  Erolcha (D:8)
  4 ice dragons
  17 hydras
  3 rakshasas
  12 ogre magi
  2 merfolk aquamancers
  Erica (D:9)
  2 alligator snapping turtles
  A spriggan air mage (Depths:1)
  2 catoblepae
  2 merfolk avatars
  A satyr (Shoals:3)
  A queen ant (Lair:8)
  5 death yaks (Lair:4)
  2 deep troll shamans (Depths:1)
  4 tengu warriors
  Urug (Orc:3)
  A vampire mage (Vaults:2)
  A spriggan berserker (Depths:1)
  A hell knight (Volcano)
  Nergalle (Lair:2)
  An iron troll (Depths:1)
  10 skeletal warriors
  A giant orange brain (D:14)
  12 ironbrand convokers
  An unseen horror (shapeshifter) (Vaults:1)
  A flayed ghost (Vaults:3)
  3 unseen horrors
  6 hill giants
  6 sea snakes
  A deep troll (Depths:1)
  3 necromancers
  15 harpies
  2 lindwurms (Lair:8)
  17 orb spiders
  10 hornets
  5 wizards
  2 orc sorcerers
  55 ugly things
  34 wolf spiders
  2 deep elf conjurers
  A tengu skeleton (Depths:1)
  11 griffons
  A water nymph (Shoals:4)
  7 orc knights
  A sphinx skeleton (Vaults:3)
  A hornet (shapeshifter) (Vaults:1)
  19 slime creatures
  The ghost of OmG the Destroyer, a novice DsCj of Ru (D:6)
  6 fauns
  6 elephants
  4 cyclopes
  2 naga magi (D:15)
  Grum (D:8)
  5 manticores
  9 black mambas
  8 sirens
  4 moths of wrath
  16 vault sentinels
  A storm dragon simulacrum (Vaults:2)
  14 spiny frogs
  9 komodo dragons
  6 torpor snails
  2 kobold demonologists
  32 yaktaurs
  A redback zombie (D:13)
  6 demonic crawlers
  6 fire drakes
  2 queen bees (shapeshifter)
  2 deep elf priests
  6 freezing wraiths
  A tengu conjurer (D:11)
  2 harpy skeletons (D:15)
  19 merfolk
  A polar bear (Lair:7)
  6 trolls
  A polar bear (shapeshifter) (Vaults:4)
  5 giant leeches (Lair:8)
  2 wind drakes
  An ettin zombie (Vaults:3)
  38 jumping spiders
  A troll (shapeshifter) (Vaults:2)
  25 two-headed ogres
  6 snapping turtles
  Prince Ribbit (D:8)
  6 boulder beetles
  38 blink frogs
  8 wraiths
  17 trapdoor spiders
  4 shadows
  4 spriggans (Depths:1)
  Sigmund (D:2)
  A spriggan (shapeshifter) (Vaults:4)
  A tarantella (shapeshifter) (Depths:2)
  4 deep elf fighters
  40 redbacks
  9 water elementals
  7 hogs (D:14)
  3 deep elf magi
  19 tarantellas
  3 basilisks
  A centaur simulacrum (D:15)
  A fire elemental (Volcano)
  14 humans
  12 hippogriffs
  3 hungry ghosts
  Eustachio (D:4)
  A golden eye (shapeshifter) (D:14)
  4 wyverns
  21 yaks
  A hippogriff (shapeshifter) (Depths:1)
  14 vampire mosquitoes
  A mottled dragon (Vaults:2)
  8 soldier ants (Lair:8)
  6 wargs
  15 wolves
  11 porcupines
  Duvessa (D:4)
  24 orc warriors
  A hell hound (Volcano)
  16 water moccasins
  5 ice beasts
  7 wasps
  3 necrophages
  55 ogres
  2 boggarts (Vaults:1)
  An eye of draining (D:10)
  A sky beast (D:10)
  2 elf zombies
  A boggart (shapeshifter) (Vaults:1)
  2 human skeletons (Vaults:3)
  14 centaurs
  6 big kobolds
  22 crocodiles
  2 gnoll sergeants
  A wyvern zombie (D:14)
  Dowan (D:4)
  23 giant frogs
  A water moccasin zombie (D:5)
  3 scorpions
  12 killer bees
  5 electric eels
  4 crimson imps
  A quasit (D:12)
  2 giant frog zombies
  8 centaur zombies
  20 wights
  A gnoll shaman (D:7)
  2 jellies
  22 orc priests
  3 hounds
  3 giant frog skeletons
  Jessica (D:3)
  3 centaur skeletons
  10 iguanas
  Natasha (thrice) (D:2)
  26 orc wizards
  35 worker ants
  25 sheep
  6 big kobold zombies (Ossuary)
  2 hound zombies (D:6)
  3 mummies
  12 gnolls
  83 river rats
  20 adders
  A shadow imp (D:15)
  3 oozes
  6 adder zombies (Ossuary)
  22 worms
  4 giant geckos
  185 orcs
  6 giant cockroaches
  9 goblins
  9 hobgoblins
  3 jackals
  7 quokkas
  12 bats
  A giant gecko skeleton (D:6)
  7 giant newts
  2 gnoll zombies (Ossuary)
  3 hobgoblin zombies (Ossuary)
  2 jackal skeletons
  14 kobolds
  3 kobold zombies (Ossuary)
  3 orc zombies (Ossuary)
  8 rats
  A fungus (Lair:3)
  4 plants
1754 creatures vanquished.

Vanquished Creatures (collateral kills)
  Rupert (D:12)
  Asterion (Vaults:1)
  A sphinx (Depths:1)
  Ilsuiw (Shoals:4)
  A fire giant (Depths:2)
  A spriggan defender (Depths:1)
  2 stone giants (Depths:1)
  An ironheart preserver (Vaults:1)
  2 vault guards (Vaults:1)
  2 merfolk javelineers (Shoals:4)
  A merfolk impaler (Shoals:4)
  A great orb of eyes (Depths:1)
  4 centaur warriors
  A rakshasa (Depths:2)
  A merfolk avatar (Shoals:4)
  A merfolk aquamancer (Shoals:4)
  A deep troll shaman (Depths:1)
  A tengu warrior (D:14)
  4 skeletal warriors (Vaults:1)
  4 deep trolls (Depths:1)
  A necromancer (Depths:1)
  4 ironbrand convokers
  An orc knight (Vaults:2)
  A phantasmal warrior (Vaults:2)
  3 wolf spiders (Spider:4)
  2 griffons (Shoals:4)
  2 manticores (Shoals:4)
  A hornet (Vaults:1)
  14 ugly things
  A cyclops (Shoals:4)
  An orb spider (Spider:4)
  A siren (Shoals:4)
  A spriggan zombie (Depths:1)
  4 vault sentinels (Vaults:1)
  A spiny frog (shapeshifter) (Vaults:1)
  2 demonic crawlers (Spider:4)
  5 yaktaurs
  A merfolk (Shoals:4)
  2 freezing wraiths
  2 jumping spiders
  A two-headed ogre (Vaults:4)
  5 slime creatures
  A troll (Vaults:1)
  A jumping spider (shapeshifter) (Vaults:1)
  2 tarantellas (Spider:3)
  3 snapping turtles (Shoals:4)
  A trapdoor spider (Spider:3)
  A water elemental (Shoals:4)
  3 redbacks
  A deep elf fighter (Vaults:1)
  2 humans (D:12)
  A vampire (Vaults:2)
  2 wolves (D:8)
  8 orc warriors
  2 ogres
  2 boggarts (Vaults:1)
  A giant frog (Lair:7)
  A gnoll sergeant (D:8)
  3 orc wizards
  A worker ant (D:6)
  4 gnolls
  8 orcs
  2 plants (Shoals:4)
138 creatures vanquished.

Vanquished Creatures (others)
  A stone giant (Depths:2)
  A shadow wraith (Vaults:4)
  An ironbrand convoker (Vaults:3)
  A wizard (D:15)
  A wolf spider (Spider:4)
  A demonic crawler (Spider:1)
  2 wolves (D:8)
  A water moccasin zombie (Ossuary)
  An orc priest (D:8)
  A gnoll (D:8)
  An adder zombie (Ossuary)
  An orc (Orc:1)
  A gnoll zombie (Ossuary)
  2 bushes (Lair:7)
  12 fungi
  50 plants
  12 tentacles (Shoals:3)
  94 tentacle segments (Shoals:3)
184 creatures vanquished.

Grand Total: 2076 creatures vanquished

Notes
Turn   | Place    | Note
--------------------------------------------------------------
     0 | D:1      | krfreak the Spriggan Artificer began the quest for the Orb.
     0 | D:1      | Reached XP level 1. HP: 9/9 MP: 4/4
   213 | D:1      | Reached XP level 2. HP: 14/14 MP: 6/6
   599 | D:1      | Reached skill level 5 in Evocations
  1052 | D:2      | Reached XP level 3. HP: 17/17 MP: 7/7
  1061 | D:2      | Found a shattered altar of Ashenzari.
  1084 | D:2      | Found an opulent altar of Gozag.
  1251 | D:2      | Noticed Natasha
  1260 | D:2      | Killed Natasha
  1276 | D:2      | Noticed Natasha
  1551 | D:2      | Killed Natasha
  1583 | D:2      | Reached XP level 4. HP: 16/21 MP: 9/9
  1803 | D:2      | Noticed Sigmund
  1829 | D:2      | Noticed Natasha
  1831 | D:2      | Killed Natasha
  1988 | D:2      | Reached skill level 6 in Evocations
  2172 | D:2      | Killed Sigmund
  2172 | D:2      | Reached skill level 7 in Evocations
  2172 | D:2      | Reached XP level 5. HP: 16/25 MP: 9/11
  2476 | D:3      | Reached XP level 6. HP: 17/29 MP: 12/12
  2684 | D:3      | Noticed Jessica
  2686 | D:3      | Killed Jessica
  2958 | D:3      | Reached skill level 5 in Stealth
  3169 | D:3      | Found a sparkling altar of Nemelex Xobeh.
  4131 | D:3      | Reached skill level 8 in Evocations
  4237 | D:4      | Noticed Eustachio
  4245 | D:4      | Killed Eustachio
  4245 | D:4      | Reached XP level 7. HP: 32/32 MP: 14/14
  4273 | D:4      | Noticed BadIdea's ghost (novice HuCj)
  4456 | D:4      | Reached skill level 9 in Evocations
  4838 | D:4      | Noticed Dowan
  4842 | D:4      | Noticed Duvessa
  4845 | D:4      | Killed Duvessa
  4859 | D:4      | Killed Dowan
  4859 | D:4      | Reached skill level 5 in Short Blades
  4859 | D:4      | Reached XP level 8. HP: 37/37 MP: 16/16
  4982 | D:5      | Entered Level 5 of the Dungeon
  5039 | D:5      | Found a snail-covered altar of Cheibriados.
  5299 | D:5      | Reached skill level 10 in Evocations
  5535 | D:5      | Found a blossoming altar of Fedhas.
  6026 | D:5      | Found a burning altar of Makhleb.
  6339 | D:6      | Reached skill level 11 in Evocations
  6407 | D:6      | Noticed OmG's ghost (novice DsCj)
  6800 | D:6      | Found a basalt altar of Yredelemnul.
  7231 | D:6      | Found a staircase to the Ecumenical Temple.
  7239 | Temple   | Entered the Ecumenical Temple
  7614 | D:6      | Reached XP level 9. HP: 31/40 MP: 18/18
  8184 | D:6      | Killed OmG's ghost
  8184 | D:6      | Reached skill level 12 in Evocations
  8596 | D:7      | Reached skill level 10 in Stealth
  8764 | D:7      | Learned a level 2 spell: Repel Missiles
  8772 | D:7      | Reached skill level 1 in Charms
  8929 | D:7      | Reached skill level 13 in Evocations
  9039 | D:7      | Found a glowing silver altar of Zin.
  9103 | D:7      | Found a sand-covered staircase.
  9116 | Ossuary  | Entered an ossuary
 10802 | D:7      | Reached XP level 10. HP: 24/44 MP: 20/20
 10990 | D:7      | Reached skill level 5 in Dodging
 11033 | D:7      | Found an oddly glowing altar of Pakellas.
 11037 | D:7      | Became a worshipper of Pakellas the Inventive
 11047 | D:7      | Found a radiant altar of Vehumet.
 11229 | D:8      | Noticed Prince Ribbit
 11236 | D:8      | Killed Prince Ribbit
 11236 | D:8      | Reached skill level 5 in Charms
 11349 | D:8      | Noticed Grum
 11680 | D:8      | Killed Grum
 11849 | D:8      | Reached * piety under Pakellas
 11865 | D:8      | Reached skill level 14 in Evocations
 11944 | D:8      | Noticed a two-headed hydra
 11952 | D:8      | Killed a two-headed hydra
 12135 | D:8      | Noticed Erolcha
 12138 | D:8      | Killed Erolcha
 12149 | D:8      | Found a staircase to the Lair.
 12677 | Lair:1   | Entered Level 1 of the Lair of Beasts
 12705 | Lair:1   | Noticed a five-headed hydra
 12718 | Lair:1   | Killed a five-headed hydra
 12718 | Lair:1   | Reached XP level 11. HP: 48/48 MP: 12/23
 12754 | Lair:1   | Reached skill level 15 in Evocations
 13179 | Lair:1   | Reached skill level 10 in Charms
 13219 | Lair:1   | Reached ** piety under Pakellas
 13219 | Lair:1   | Received a gift from Pakellas
 13748 | Lair:2   | Noticed Arkorax's ghost (journeyman GrFi)
 13805 | Lair:2   | Noticed a four-headed hydra
 13980 | Lair:2   | Noticed an entropy weaver
 13980 | Lair:2   | a four-headed hydra changed into an entropy weaver
 13982 | Lair:2   | Noticed a minotaur
 13982 | Lair:2   | an entropy weaver changed into a minotaur
 13996 | Lair:2   | Killed a minotaur
 13996 | Lair:2   | Reached skill level 16 in Evocations
 14146 | Lair:2   | Killed Arkorax's ghost
 14677 | Lair:2   | Gained mutation: You are surrounded by a mild repulsion field (EV +2). [potion of beneficial mutation]
 15178 | Lair:2   | Noticed Nergalle
 15229 | Lair:2   | Killed Nergalle
 15229 | Lair:2   | Reached skill level 10 in Dodging
 15229 | Lair:2   | Reached XP level 12. HP: 50/52 MP: 14/25
 15300 | Lair:2   | Reached skill level 17 in Evocations
 15603 | Lair:3   | Reached *** piety under Pakellas
 16133 | Lair:3   | Noticed a six-headed hydra
 16140 | Lair:3   | Killed a six-headed hydra
 16143 | Lair:3   | Noticed Gastronok
 16157 | Lair:3   | Killed Gastronok
 16498 | Lair:3   | Found a hole to the Spider Nest.
 16568 | Lair:3   | Reached skill level 18 in Evocations
 16751 | Lair:3   | Reached **** piety under Pakellas
 16751 | Lair:3   | Received a gift from Pakellas
 17160 | Lair:3   | Noticed a seven-headed hydra
 17182 | Lair:3   | Killed a seven-headed hydra
 17547 | Lair:4   | Found a glowing silver altar of Zin.
 17643 | Lair:4   | Noticed a six-headed hydra
 17657 | Lair:4   | Killed a six-headed hydra
 17710 | Lair:4   | Noticed an eight-headed hydra
 17718 | Lair:4   | Killed an eight-headed hydra
 17972 | Lair:4   | Reached XP level 13. HP: 28/56 MP: 15/27
 18062 | Lair:4   | Identified a scroll of acquirement
 18149 | Lair:4   | Reached skill level 19 in Evocations
 19975 | Lair:6   | Found a staircase to the Shoals.
 20263 | Lair:7   | Found a dark tunnel.
 20268 | Volcano  | Entered a volcano
 20355 | Volcano  | Reached skill level 20 in Evocations
 20799 | Lair:7   | Noticed Snorg
 20825 | Lair:7   | Killed Snorg
 21095 | Lair:7   | Reached XP level 14. HP: 46/60 MP: 11/29
 21099 | Lair:7   | Reached skill level 1 in Fighting
 21764 | Lair:8   | Entered Level 8 of the Lair of Beasts
 21889 | Lair:8   | Found a runed door.
 22778 | Lair:8   | Reached skill level 10 in Short Blades
 22778 | Lair:8   | Reached skill level 21 in Evocations
 22789 | Lair:8   | Reached skill level 15 in Dodging
 22823 | Lair:8   | Reached ***** piety under Pakellas
 22919 | Lair:8   | Found a staircase to the Slime Pits.
 23124 | Lair:8   | Reached skill level 5 in Fighting
 23126 | Lair:8   | Received a gift from Pakellas
 23871 | D:9      | Found a burning altar of Makhleb.
 23949 | D:9      | Found an ancient bone altar of Kikubaaqudgha.
 24028 | D:9      | Noticed Erica
 24036 | D:9      | Killed Erica
 24417 | D:10     | Entered Level 10 of the Dungeon
 24538 | D:10     | Noticed Fannar
 24557 | D:10     | Killed Fannar
 24640 | D:10     | Found Jaorumnu's Antique Weapon Shop.
 24733 | D:10     | Noticed Harold
 24735 | D:10     | Killed Harold
 24735 | D:10     | Reached XP level 15. HP: 73/73 MP: 13/30
 24748 | D:10     | Found an ancient bone altar of Kikubaaqudgha.
 25121 | D:10     | Noticed Josephine
 25126 | D:10     | Killed Josephine
 26677 | D:12     | Noticed Maud
 26716 | D:12     | Killed Maud
 26976 | D:12     | Found a portal to a secret trove of treasure.
 27339 | D:12     | Found a staircase to the Orcish Mines.
 27502 | Orc:1    | Entered Level 1 of the Orcish Mines
 28077 | Orc:2    | Received a gift from Pakellas
 28307 | Orc:3    | Found a roughly hewn altar of Beogh.
 28400 | Orc:3    | Noticed Urug
 28436 | Orc:3    | Killed Urug
 29095 | Orc:2    | Found Nuohy's Assorted Antiques.
 29337 | Orc:4    | Entered Level 4 of the Orcish Mines
 29561 | Orc:4    | Found a staircase to the Elven Halls.
 29634 | Orc:4    | Found a shimmering altar of Xom.
 29902 | Orc:4    | Found Utonyodae's Gadget Emporium.
 29902 | Orc:4    | Found Hevvixie's Armour Boutique.
 29902 | Orc:4    | Found Eveok's Antique Weapon Boutique.
 29902 | Orc:4    | Found Giam's Jewellery Shoppe.
 30005 | Orc:4    | Bought a runed rapier for 124 gold pieces
 30008 | Orc:4    | Bought a sack of spiders for 320 gold pieces
 30008 | Orc:4    | Bought a wand of hasting (4) for 768 gold pieces
 30008 | Orc:4    | Bought a stone of tremors for 640 gold pieces
 30287 | D:13     | Found a gate to the Vaults.
 30287 | D:13     | Noticed Rupert
 30380 | D:12     | Killed Rupert
 31441 | D:14     | Reached skill level 22 in Evocations
 31851 | D:14     | Reached XP level 16. HP: 69/83 MP: 10/32
 32006 | D:14     | Noticed Kirke
 32020 | D:14     | Killed Kirke
 32147 | D:14     | Found Zauv's Armour Emporium.
 32170 | D:14     | Bought a +2 buckler of poison resistance for 203 gold pieces
 32199 | D:14     | Received a gift from Pakellas
 32199 | D:14     | Reached skill level 1 in Shields
 32308 | D:15     | Entered Level 15 of the Dungeon
 32360 | D:15     | Found a shimmering altar of Xom.
 32361 | D:15     | Found a shimmering altar of Xom.
 32809 | D:15     | Found a staircase to the Depths.
 32872 | D:15     | Found an opulent altar of Gozag.
 33175 | D:15     | Reached skill level 5 in Shields
 33764 | Spider:1 | Entered Level 1 of the Spider Nest
 35851 | Spider:2 | Reached XP level 17. HP: 63/88 MP: 33/33
 37224 | Spider:4 | Entered Level 4 of the Spider Nest
 37288 | Spider:4 | Received a gift from Pakellas
 37867 | Spider:4 | Identified Sif Muna's Handbook of Moulding
 38105 | Spider:4 | Noticed Roxanne
 38163 | Spider:4 | Reached skill level 15 in Stealth
 38372 | Spider:4 | Got a gossamer rune of Zot
 38527 | Spider:2 | Reached skill level 10 in Fighting
 38723 | Shoals:1 | Entered Level 1 of the Shoals
 39011 | Shoals:1 | Identified Sif Muna's Grimoire of Aerial Good Luck (You found it on level 1 of the Shoals)
 39555 | Shoals:2 | Found a snail-covered altar of Cheibriados.
 39730 | Shoals:2 | Got a scorched buckler
 39731 | Shoals:2 | Identified the +0 buckler of Weing {-Cast MR- Int+8 Dex+8} (You acquired it on level 2 of the Shoals)
 40207 | Shoals:3 | Noticed Jorgrun
 40244 | Shoals:3 | Killed Jorgrun
 40724 | Shoals:3 | Noticed Mara
 40732 | Shoals:3 | Killed Mara
 40732 | Shoals:3 | Reached XP level 18. HP: 93/95 MP: 34/34
 41081 | Shoals:3 | Noticed Louise
 41088 | Shoals:3 | Killed Louise
 41169 | Shoals:4 | Entered Level 4 of the Shoals
 41172 | Shoals:4 | Found Jekoed's Book Shop.
 41184 | Shoals:4 | Found Suitif's Magic Scroll Emporium.
 41186 | Shoals:4 | Reached skill level 23 in Evocations
 41216 | Shoals:4 | Bought 2 scrolls of teleportation for 84 gold pieces
 41216 | Shoals:4 | Bought a scroll of summoning for 133 gold pieces
 41216 | Shoals:4 | Bought 3 scrolls of blinking for 315 gold pieces
 41216 | Shoals:4 | Bought a scroll of enchant weapon for 105 gold pieces
 41216 | Shoals:4 | Bought a scroll of blinking for 105 gold pieces
 41216 | Shoals:4 | Bought 2 scrolls of enchant armour for 210 gold pieces
 41216 | Shoals:4 | Bought a scroll of blinking for 105 gold pieces
 41747 | Shoals:4 | Noticed Ilsuiw
 41788 | Shoals:4 | Killed Ilsuiw
 41805 | Shoals:4 | Got a barnacled rune of Zot
 42172 | Vaults:1 | Entered Level 1 of the Vaults
 42314 | Vaults:1 | Received a gift from Pakellas
 42618 | Vaults:1 | Noticed Saint Roka
 42652 | Vaults:1 | Killed Saint Roka
 42715 | Vaults:1 | Noticed Asterion
 42724 | Vaults:1 | Killed Asterion
 43996 | Vaults:1 | Reached XP level 19. HP: 91/102 MP: 35/35
 44758 | Vaults:2 | Found a staircase to the Crypt.
 44964 | Vaults:2 | Got a fine dagger
 44966 | Vaults:2 | Identified the +8 dagger of the Tomato {vamp, *Noise rPois Str+8 Stlth+} (You found it on level 2 of the Vaults)
 45156 | Vaults:2 | Reached skill level 24 in Evocations
 45492 | Vaults:2 | Got a translucent golden ring
 45507 | Vaults:2 | Identified the ring "Qesei" {Ice Str+4 Stlth+} (You found it on level 2 of the Vaults)
 45939 | Vaults:3 | HP: 5/103 [white ugly thing (29)]
 46203 | Vaults:3 | Received a gift from Pakellas
 47801 | Vaults:4 | Noticed Jory
 47811 | Vaults:4 | Killed Jory
 48207 | Vaults:4 | Reached XP level 20. HP: 70/109 MP: 37/37
 48551 | Vaults:4 | Found Fiupn's Jewellery Boutique.
 48559 | Vaults:4 | Bought an uncursed ring of protection from cold for 375 gold pieces
 49537 | Vaults:4 | Found Xunygg's Antique Weapon Shoppe.
 49545 | Vaults:4 | Bought a dazzling falchion for 352 gold pieces
 49552 | Vaults:4 | Identified the +11 falchion of Toagau {freeze, rElec rN+ MR+} (You bought it in a shop on level 4 of the Vaults)
 49843 | Depths:1 | Entered Level 1 of the Depths
 49843 | Depths:1 | Found a gateway to Hell.
 50240 | Depths:1 | Noticed Norris
 50258 | Depths:1 | Killed Norris
 50490 | Depths:1 | Found a glowing golden altar of the Shining One.
 50658 | Depths:1 | Noticed the Enchantress
 50838 | Depths:1 | Killed the Enchantress
 50863 | Depths:1 | Got a faerie dragon armour
 50866 | Depths:1 | Identified the +3 faerie dragon armour {rElec Int-2 Dex+10 Stlth+ Clar} (You took it off the Enchantress on level 1 of the Depths)
 51552 | Depths:2 | Reached skill level 25 in Evocations
 51718 | Depths:2 | Received a gift from Pakellas
 51908 | Depths:2 | Found a one-way gate to the infinite horrors of the Abyss.
 52426 | Depths:2 | Reached skill level 15 in Fighting
 52501 | Depths:2 | Mangled by a primal weirdsting beast

Vault maps used:
D:1:      co_arrival_random_square_maze
D:2:      ashenzari_altar_1, nicolae_overflow_crystal_walls, first_bread,
          minmay_misc_feat_room, uniq_natasha, uniq_sigmund
D:3:      nicolae_overflow_hidden_temple, st_stairs_9, uniq_jessica
D:4:      uniq_eustachio, uniq_duvessa
D:5:      fedhas_bush_and_centaur_altar, lemuel_crystal_altar,
          makhleb_blood_cavern_becter
D:6:      kennysheep_little_box, temple_fountains
D:7:      lemuel_doored_altar, amethyst_overflow_temple_binary,
          gup_ossuary_entry_pyramid
D:8:      lair_0_dummy, hangedman_ranch, hex_medium, lightli_minifort,
          uniq_grum, uniq_erolcha, uniq_prince_ribbit1
D:9:      kennysheep_mini_moat, basic_altar, uniq_erica
D:10:     serial_shops, shop, basic_altar, dk_rats_in_the_wall, uniq_harold,
          uniq_fannar, uniq_josephine
D:12:     erik_orc_2, enter_trove_3, uniq_maud
D:13:     david_vaults_3, uniq_rupert
D:14:     infiniplex_staircase_pool, serial_shops, shop_coins, uniq_kirke
D:15:     grunt_enter_depths_magical_seal, nicolae_gozag_seed_capital,
          serial_bayou_lagoon_a, grunt_decor_one_mirror, xom_shifter_show
Temple:   jpeg_temple_clearing_9
Lair:2:   beast_lair_carwin_8, uniq_nergalle
Lair:3:   nicolae_spider_entry_tight_spaces, uniq_gastronok
Lair:4:   basic_altar, cheibrodos_lair_reptile_den, lemuel_fruit_tree
Lair:6:   minmay_shoals_entry_lonely_mermaid, infiniplex_staircase_pool_2,
          grunt_megastairs_5, serial_bayou_shore_b
Lair:7:   minmay_lair_venomous_thicket, enter_volcano_4, uniq_snorg
Lair:8:   hangedman_lair_in_review, wormcave, dpeg_slime_entry_corner,
          zaba_antful_of_joy
Shoals:2: wheals_shoals_ruined_temple
Shoals:3: uniq_louise, uniq_mara, uniq_jorgrun
Shoals:4: shoals_end_simple, shoals_ilsuiw_ice, serial_shops,
          nicolae_shop_trees, shop, shop_scrolls, shop, shop,
          hangedman_shoals_cup_caves
Spider:2: nicolae_spider_cling_ruins
Spider:4: grunt_spider_rune_circles, uniq_roxanne
Orc:2:    nicolae_orc_accident_1, serial_shops,
          nicolae_shop_competitors_out_of_business
Orc:3:    basic_altar, nicolae_orc_pool_cavern, uniq_urug
Orc:4:    st_orc_ogre_mass, basic_altar
Vaults:1: v_misc_2, vaults_room_boxed, nicolae_vaults_big_ls,
          nicolae_vaults_mini_display_case, ontoclasm_vaults_twist, v_misc_1,
          hangedman_vaults_impose, uniq_asterion, uniq_saint_roka
Vaults:2: minmay_crypt_entry_simple_plaza, hangedman_vaults_stream,
          nicolae_vaults_quadrants, hangedman_vaults_corner, v_misc_22,
          v_misc_18, nicolae_vaults_little_squares_2, grunt_vaults_diagonal
Vaults:3: ontoclasm_vaults_hangar, v_misc_8, vaults_dpeg_spiral,
          vaults_dpeg_ring, hangedman_vaults_nodes, hangedman_vaults_slice,
          v_misc_33, vaults_room_fours, nicolae_vaults_alarming, st_diamondy,
          v_misc_25, vaults_room_corners, nicolae_vaults_little_squares_3,
          nicolae_vaults_rhombus_6
Vaults:4: vaults_mumra_minichess, vaults_room_octagon, v_pattern_4, v_misc_4,
          vaults_standard_mumra_lines, vaults_mumra_minichess_inversion,
          ontoclasm_vaults_bender, hangedman_vaults_capsules, vaults_room_grid,
          vaults_mumra_lcd, hangedman_vaults_stretched_pinwheel,
          hangedman_vaults_corner_blocks, serial_shops, shop, shop_fountains,
          uniq_jory
Depths:1: hell_entry, minmay_misc_feat_x, minivault_11, tso_metal_star,
          serial_bayou_shore_b, uniq_norris, uniq_enchantress
Depths:2: kennysheep_bubbly, hell_entry, abyss_entry_small_statue_room,
          hangedman_decor_diamond_cutter
Ossuary:  ossuary_tomb_2
Volcano:  volcano_caves

Action                   |  1- 3 |  4- 6 |  7- 9 | 10-12 | 13-15 | 16-18 | 19-21 || total
-------------------------+-------+-------+-------+-------+-------+-------+-------++-------
Melee: Short sword       |    80 |   142 |   165 |   678 |  2357 |   959 |    50 ||  4431
       Dagger            |       |       |   417 |       |       |       |       ||   417
       Rapier            |       |       |       |       |       |  1444 |  1806 ||  3250
Throw: Throwing net      |       |       |     5 |     2 |       |     5 |     9 ||    21
 Cast: Repel Missiles    |       |       |       |       |       |     3 |     1 ||     4
Invok: Quick Charge      |       |       |       |    12 |    28 |    16 |    12 ||    68
       Device Surge      |       |       |       |       |       |       |     8 ||     8
 Abil: Evoke Invisibilit |       |       |       |       |     1 |       |       ||     1
Evoke: Wand              |     2 |    41 |    70 |   170 |   202 |   155 |    91 ||   731
       Rod               |       |       |       |     4 |    16 |    16 |    11 ||    47
       Phial of floods   |       |       |       |       |     1 |     6 |    10 ||    17
       Stone of tremors  |       |       |       |       |     1 |     5 |     6 ||    12
       Sack of spiders   |       |       |       |       |     1 |    12 |     2 ||    15
       Box of beasts     |       |       |       |       |       |     2 |     7 ||     9
       Lamp of fire      |       |       |       |       |       |     4 |     7 ||    11
       Phantom mirror    |       |       |       |       |       |     1 |     1 ||     2
  Use: Scroll            |       |     9 |     8 |    14 |    18 |    18 |    15 ||    82
       Potion            |       |       |     1 |     3 |       |     6 |     1 ||    11
 Stab: Sleeping          |     8 |    16 |    31 |    49 |   118 |    66 |    25 ||   313
       Distracted        |       |     1 |       |     1 |     6 |     8 |    14 ||    30
       Confused          |       |       |    14 |    10 |     8 |     2 |       ||    34
       Held in net/web   |       |       |     3 |       |       |     6 |     6 ||    15
       Paralysed         |       |       |       |     9 |    17 |    16 |     1 ||    43
  Eat: Pizza             |       |     1 |       |     6 |     1 |     1 |       ||     9
       Bread ration      |       |       |     1 |       |     4 |     3 |     4 ||    12
       Royal jelly       |       |       |       |     1 |       |     1 |       ||     2
       Fruit             |       |       |       |       |     5 |       |     4 ||     9
